Map: [ESL] Moondance

Players

Clem - Winner!

  • Race: Terran Terran
  • Spawn Location: 6:00

SpeCial

  • Race: Terran Terran
  • Spawn Location: 12:00

Event: DreamHack SC2 Masters 2022 Valencia

VOD

Have the link to the VOD?

Description

Time

  • Played on: July 2, 2022, 9:27 a.m.
  • Length: 24:03

All games in this series

Show
View Real Time Build Order
Export as new Build Order

Clem Terran - Winner!

Build Orders:  

Get SALT Encoding   

  12  0:00  SCV  
  13  0:12  SCV  
  14  0:16  Supply Depot  
  14  0:24  SCV  
  15  0:38  SCV  
  15  0:40  Barracks  
  16  0:43  Refinery  
  16  0:50  SCV  
  16  0:53  Refinery  
  17  1:02  SCV  
  18  1:14  SCV  
  19  1:28  Orbital Command, Reaper  
  20  1:34  Supply Depot  
  20  1:45  Factory  
  20  1:53  SCV  
  21  2:00  Reaper  
  22  2:05  SCV  
  23  2:19  Command Center  
  23  2:22  SCV  
  23  2:30  Hellion  
  23  2:35  Reaper  
  23  2:36  SCV  
  26  2:48  SCV  
  27  2:51  Hellion  
  27  2:52  Supply Depot  
  29  3:00  SCV  
  30  3:07  Reaper  
  31  3:14  Hellion, SCV  
  31  3:16  Starport  
  34  3:26  SCV  
  35  3:34  Refinery  
  35  3:38  SCV  
  35  3:40  Factory Tech Lab  
  35  3:48  Orbital Command  
  34  3:50  SCV  
  34  3:53  Barracks Reactor, Starport Tech Lab  
  35  3:59  Cyclone  
  35  4:02  SCV  
  39  4:12  Raven  
  39  4:13  SCV  
  39  4:14  SCV  
  42  4:26  SCV  
  42  4:29  SCV, Command Center  
  44  4:35  Cyclone  
  47  4:38  SCV  
  47  4:41  Supply Depot  
  47  4:44  SCV  
  49  4:50  SCV  
  50  4:56  Raven, SCV  
  50  4:57  Marine  
  54  5:02  Marine  
  54  5:03  SCV, Supply Depot  
  56  5:08  SCV  
  56  5:10  Siege Tank  
  60  5:15  SCV  
  60  5:20  SCV  
  60  5:21  Supply Depot  
  62  5:25  Marine x2  
  62  5:27  SCV  
  65  5:29  Refinery, Supply Depot  
  65  5:32  SCV  
  66  5:39  SCV  
  66  5:40  Raven  
  65  5:43  Marine  
  65  5:44  SCV  
  66  5:51  SCV  
  66  5:53  Siege Tank  
  66  5:54  Marine  
  66  5:56  SCV  
  72  5:59  Refinery  
  72  6:00  Marine  
  72  6:03  SCV  
  74  6:10  SCV  
  75  6:12  Barracks  
  75  6:14  Barracks  
  75  6:15  SCV  
  75  6:18  Orbital Command  
  76  6:22  SCV  
  76  6:25  Siege Tank  
  80  6:27  SCV  
  80  6:31  Viking x2  
  80  6:32  Stimpack  
  85  6:34  SCV  
  85  6:39  SCV  
  87  6:43  Command Center  
  87  6:45  SCV  
  87  6:46  SCV  
  89  6:52  SCV, Supply Depot  
  90  6:58  SCV  
  90  7:01  Siege Tank  
  93  7:02  Barracks Tech Lab, Barracks Reactor  
  93  7:04  SCV  
  93  7:06  Viking  
  93  7:08  Viking, SCV  
  97  7:10  SCV  
  97  7:14  Supply Depot  
  99  7:16  SCV  
  99  7:21  SCV, Starport  
  99  7:22  SCV, Combat Shield  
  104  7:35  SCV  
  104  7:36  Viking, SCV  
  108  7:37  Viking  
  108  7:42  Siege Tank  
  108  7:43  Marauder x2  
  108  7:44  SCV  
  116  7:46  Supply Depot  
  116  7:47  SCV  
  116  7:48  Barracks Reactor  
  117  7:54  Supply Depot  
  117  8:00  Engineering Bay  
  117  8:02  Starport  
  117  8:05  Engineering Bay  
  117  8:06  Viking  
  117  8:07  Viking, Marauder  
  117  8:09  Refinery  
  117  8:10  Marauder  
  117  8:12  Refinery  
  125  8:13  Liberator  
  125  8:15  Viking  
  130  8:25  SCV x3  
  133  8:27  Planetary Fortress  
  133  8:28  Marauder  
  133  8:30  Marine x2  
  133  8:31  Marauder  
  135  8:45  Viking x2  
  135  8:47  Marine  
  135  8:48  Viking, Marine  
  130  8:50  Marauder  
  130  8:53  Marauder  
  134  8:56  Viking  
  134  9:05  SCV, Marine x2  
  134  9:06  SCV  
  138  9:11  Marauder  
  138  9:14  Marine  
  138  9:15  Viking x2  
  143  9:18  Viking  
  143  9:23  Marine  
  135  9:26  Viking  
  135  9:28  Marine  
  130  9:32  SCV  
  130  9:36  Marauder  
  130  9:37  Marauder  
  132  9:41  SCV  
  132  9:43  SCV  
  132  9:44  Viking  
  132  9:45  Viking  
  137  9:48  Viking  
  139  9:54  Command Center  
  139  9:55  Missile Turret  
  139  9:56  Viking  
  139  9:57  Marauder  
  142  10:01  SCV, Marauder  
  142  10:04  Barracks Reactor  
  142  10:06  Terran Infantry Armor Level 1, Terran Infantry Weapons Level 1  
  145  10:08  Armory  
  145  10:11  SCV x2  
  145  10:14  SCV  
  148  10:15  Armory  
  148  10:19  Marauder  
  150  10:24  SCV x2  
  147  10:30  Marauder  
  147  10:33  Viking x2  
  147  10:35  Viking  
  153  10:40  Supply Depot, Marauder  
  155  10:45  Marine  
  155  10:47  Missile Turret  
  156  10:55  Viking, Liberator x2  
  156  10:56  SCV, Marine  
  164  10:57  SCV  
  164  11:00  SCV  
  164  11:02  SCV  
  165  11:05  Viking  
  165  11:06  SCV  
  165  11:08  SCV  
  166  11:11  Viking  
  166  11:14  Marine, Marauder x2  
  166  11:18  Viking  
  164  11:25  Viking  
  159  11:28  SCV x2  
  159  11:33  SCV x2  
  159  11:35  Viking, Marauder  
  159  11:38  Viking  
  165  11:40  SCV  
  165  11:42  Viking x2  
  165  11:45  Siege Tank  
  165  11:46  SCV  
  166  11:47  SCV  
  166  11:48  Viking  
  166  11:50  Terran Vehicle And Ship Armor Level 1, Terran Ship Weapons Level 1  
  167  11:54  SCV  
  167  11:59  Planetary Fortress  
  168  12:02  SCV  
  168  12:04  Missile Turret  
  168  12:05  Refinery, SCV  
  168  12:06  Refinery, SCV  
  171  12:09  SCV  
  171  12:11  Concussive Shells  
  171  12:14  Liberator  
  175  12:18  Fusion Core, Marine x2, Marauder  
  175  12:21  SCV, Marauder  
  182  12:27  Liberator  
  185  12:32  Command Center  
  185  12:37  Sensor Tower  
  185  12:40  Sensor Tower  
  185  12:42  Liberator  
  187  12:48  Supply Depot  
  187  12:51  Supply Depot  
  187  12:55  Marine  
  187  12:57  Marine  
  187  12:58  Barracks x2  
  186  13:00  Cyclone  
  186  13:04  Supply Depot  
  186  13:06  Liberator  
  186  13:08  Terran Infantry Weapons Level 2  
  186  13:09  Liberator  
  186  13:10  SCV  
  190  13:14  Liberator  
  191  13:21  Command Center  
  191  13:23  Command Center  
  191  13:26  Liberator x2  
  199  13:30  Advanced Ballistics  
  197  13:41  Command Center  
  197  13:43  Terran Infantry Armor Level 2  
  197  13:48  Liberator  
  200  14:01  Barracks Tech Lab  
  200  14:02  Barracks Reactor  
  200  14:08  Refinery  
  200  14:10  Missile Turret  
  200  14:15  Refinery, Missile Turret  
  200  14:21  Liberator  
  200  14:22  Viking x4  
  190  14:27  Marine x2, Marauder x2  
  190  14:29  Marauder  
  190  14:31  Viking  
  174  14:34  Siege Tank  
  166  14:42  Orbital Command  
  166  14:44  Marine  
  166  14:45  Marine x3  
  166  14:48  Marine, Marauder  
  166  14:52  Viking x4  
  179  14:53  Marauder  
  181  15:01  Viking  
  181  15:02  Terran Ship Weapons Level 2  
  181  15:04  Viking  
  181  15:06  Terran Vehicle And Ship Armor Level 2, Marauder  
  187  15:10  Marine x2  
  187  15:11  Marine x2  
  187  15:12  Marauder  
  193  15:14  Marauder  
  193  15:21  Viking  
  193  15:22  Viking, Liberator  
  193  15:27  Refinery x2  
  200  15:28  Orbital Command  
  193  15:37  Viking x2  
  193  15:38  Viking  
  193  15:40  Marauder  
  193  15:41  Marine  
  183  15:43  Marauder  
  183  15:46  Marine  
  183  15:47  Marine, Marauder  
  181  15:51  Liberator x2  
  181  15:57  Planetary Fortress  
  181  16:01  Marauder  
  185  16:04  Marauder, Liberator  
  185  16:07  Viking, Liberator  
  193  16:12  Liberator  
  196  16:30  Command Center  
  196  16:31  Missile Turret  
  196  16:33  Terran Infantry Weapons Level 3  
  196  16:34  Liberator  
  196  16:35  Terran Infantry Armor Level 3  
  199  16:53  Starport  
  199  16:54  Starport  
  187  17:01  Liberator x3  
  187  17:02  Liberator  
  197  17:13  Marauder  
  199  17:24  Command Center  
  199  17:25  Command Center  
  199  17:26  Command Center  
  199  17:35  Viking  
  199  17:41  Missile Turret x2, Planetary Fortress  
  199  17:48  Starport Tech Lab x2  
  199  17:49  Barracks  
  199  17:50  Barracks  
  199  17:51  Refinery  
  199  17:56  Marauder  
  198  18:05  Terran Vehicle And Ship Armor Level 3, Terran Ship Weapons Level 3  
  198  18:19  Viking x4  
  193  18:28  Viking  
  193  18:31  Viking  
  193  18:33  Viking  
  199  18:41  Barracks Tech Lab  
  199  18:47  Orbital Command x2  
  199  18:48  Orbital Command, Barracks Tech Lab  
  199  18:52  Marine  
  200  19:10  Hi-Sec Auto Tracking  
  200  19:12  Neosteel Armor  
  198  19:23  Marine, Marauder x2  
  198  19:24  Orbital Command  
  200  19:26  Marine  
  200  19:27  Marauder  
  192  19:31  Marine x2, Marauder x2  
  192  19:32  Viking x3  
  198  19:48  Orbital Command, Marauder  
  198  19:50  Marine  
  200  19:52  Orbital Command  
  189  20:00  Viking x3  
  189  20:01  Marine x3, Marauder x3  
  189  20:02  Marauder  
  198  20:09  Marine, Marauder  
  170  20:19  Marine  
  170  20:20  Viking  
  169  20:23  Marauder x4  
  169  20:28  Cyclone  
  177  20:30  Marauder  
  177  20:34  Liberator  
  182  20:38  Liberator  
  181  20:50  Marauder x3  
  181  20:53  Marauder  
  181  20:55  Medivac  
  187  20:59  Liberator  
  187  21:01  Liberator  
  187  21:03  Liberator  
  196  21:07  Cyclone  
  198  21:22  Marauder  
  198  21:24  Command Center  
  200  21:26  Sensor Tower  
  200  21:27  Terran Vehicle Weapons Level 1  
  200  21:44  Liberator  
  200  21:46  Marauder  
  198  21:48  Marine x2  
  198  21:49  Marauder  
  194  21:54  Marine, Marauder  
  194  21:57  Marauder  
  194  21:58  Viking x2, Marauder  
  194  22:00  Marine  
  159  22:05  Viking  
  141  22:11  Marauder x2  
  141  22:13  Marine  
  132  22:19  Viking  
  132  22:28  Liberator x2  
  138  22:32  Liberator  
  141  22:37  Liberator  
  141  22:38  Marauder  
  141  22:41  Marauder  
  148  22:45  Siege Tank  
  148  22:47  Marine  
  148  22:50  Medivac, Marauder  
  156  22:54  Liberator  
  157  22:59  Liberator  
  157  23:03  Liberator  
  159  23:12  Viking  
  158  23:17  Cyclone  
  156  23:26  Viking x2  
  156  23:27  Viking  
Show
View Real Time Build Order
Export as new Build Order

SpeCial Terran 

Build Orders: Mech 

Get SALT Encoding   

  12  0:00  SCV  
  13  0:12  SCV  
  14  0:18  Supply Depot  
  14  0:24  SCV  
  15  0:39  SCV  
  15  0:41  Barracks  
  16  0:43  Refinery  
  16  0:51  SCV  
  16  0:55  Refinery  
  17  1:03  SCV  
  18  1:16  SCV  
  19  1:28  Orbital Command  
  19  1:29  Reaper  
  20  1:34  Supply Depot  
  20  1:42  Factory  
  20  1:54  SCV  
  21  2:01  Reaper  
  21  2:06  SCV  
  23  2:18  Command Center  
  23  2:19  SCV  
  24  2:28  Hellion  
  26  2:34  Barracks Tech Lab, SCV  
  27  2:41  Supply Depot  
  27  2:46  SCV  
  28  2:59  SCV  
  28  3:02  Cyclone  
  32  3:05  Barracks Tech Lab  
  32  3:06  Starport  
  32  3:11  SCV  
  33  3:23  SCV  
  33  3:25  Refinery  
  34  3:29  Orbital Command  
  34  3:32  Barracks Reactor  
  34  3:34  Cyclone  
  34  3:35  SCV  
  35  3:49  SCV  
  37  3:55  SCV  
  37  4:01  Raven, SCV  
  40  4:07  SCV  
  40  4:09  Marine x2  
  43  4:13  SCV, Command Center  
  44  4:19  SCV  
  44  4:22  Siege Tank  
  46  4:25  SCV  
  46  4:29  Marine  
  46  4:30  Supply Depot  
  48  4:31  Marine  
  48  4:32  SCV  
  50  4:39  SCV  
  50  4:43  Raven  
  50  4:44  SCV  
  54  4:52  SCV, Marine x2  
  57  4:55  Siege Tank  
  57  4:56  SCV  
  57  4:58  Refinery  
  61  5:04  SCV  
  62  5:10  Supply Depot  
  62  5:25  Orbital Command, SCV x2  
  64  5:28  Siege Tank  
  64  5:35  Viking x2  
  71  5:37  SCV x2  
  73  5:49  SCV x2  
  72  5:59  Factory, SCV  
  72  6:01  Factory, SCV x2  
  75  6:09  Viking  
  77  6:12  SCV  
  77  6:13  SCV x2  
  77  6:15  Viking  
  77  6:16  Refinery  
  77  6:17  Engineering Bay  
  82  6:22  Hellion  
  82  6:23  Barracks Reactor  
  82  6:24  SCV  
  85  6:30  Supply Depot  
  85  6:31  SCV x2  
  87  6:36  SCV  
  88  6:40  Viking  
  88  6:43  SCV x2  
  92  6:48  SCV, Missile Turret  
  92  6:51  Viking  
  92  6:52  Siege Tank  
  98  6:54  Siege Tank  
  101  7:03  SCV x3  
  101  7:06  Supply Depot  
  98  7:10  Hellion  
  98  7:11  Hellion, Missile Turret  
  98  7:13  Armory  
  103  7:15  SCV  
  103  7:17  SCV  
  104  7:24  Siege Tank  
  104  7:28  Siege Tank  
  110  7:30  Viking x2  
  114  7:37  SCV  
  114  7:41  Supply Depot  
  114  7:42  SCV  
  111  7:44  SCV  
  111  7:47  Hellion x2  
  116  7:52  SCV  
  117  8:03  Viking, SCV x2  
  121  8:06  Command Center  
  121  8:07  Viking  
  121  8:09  Hellion  
  121  8:10  Hellion  
  123  8:13  SCV  
  123  8:15  SCV  
  123  8:18  Supply Depot  
  123  8:19  SCV  
  124  8:25  SCV  
  123  8:27  SCV  
  123  8:29  Factory  
  123  8:31  Factory, SCV  
  125  8:39  SCV, Siege Tank  
  125  8:40  Hellion x2  
  133  8:45  Viking  
  133  8:46  Viking  
  131  8:48  SCV x2  
  133  9:01  Supply Depot  
  133  9:02  Supply Depot, Terran Vehicle Weapons Level 1  
  133  9:05  SCV x2, Siege Tank, Supply Depot  
  133  9:07  Hellion  
  140  9:15  SCV  
  141  9:18  Hellion, SCV, Siege Tank  
  141  9:19  SCV  
  141  9:20  Viking x2  
  146  9:27  Factory Tech Lab, Factory Reactor  
  146  9:28  Starport  
  146  9:30  Refinery  
  146  9:31  Starport  
  146  9:32  Refinery  
  133  9:42  Hellion  
  133  9:43  Hellion  
  133  9:44  Hellion  
  136  9:46  Hellion  
  136  9:49  SCV x3  
  136  9:50  Viking x2  
  145  9:54  Infernal Pre-Igniter  
  145  9:59  Orbital Command  
  145  10:02  Sensor Tower  
  145  10:03  Armory  
  145  10:11  Starport Reactor  
  145  10:12  Thor, Starport Reactor  
  151  10:17  Hellion x2  
  151  10:18  Hellion  
  151  10:19  Thor  
  163  10:24  Viking  
  157  10:30  Hellion  
  159  10:36  Viking  
  157  10:45  Hellion x3  
  157  10:46  Command Center  
  157  10:48  Viking  
  157  10:49  Viking  
  167  10:52  Terran Vehicle And Ship Armor Level 1  
  167  10:54  Viking  
  169  10:58  Viking x2  
  171  11:06  Hellion x2  
  171  11:13  Orbital Command, Siege Tank  
  153  11:19  Siege Tank x2  
  153  11:20  Hellion x2  
  153  11:21  SCV  
  153  11:23  SCV  
  163  11:27  Viking  
  163  11:28  Hellion  
  163  11:29  SCV  
  160  11:33  SCV  
  160  11:40  SCV x2  
  160  11:41  Hellion, SCV  
  160  11:42  Hellion  
  160  11:45  Siege Tank  
  158  11:48  Hellion  
  158  11:51  Terran Vehicle Weapons Level 2  
  160  11:54  Sensor Tower  
  160  11:57  Supply Depot  
  160  12:02  Siege Tank, Sensor Tower  
  160  12:03  Hellion  
  160  12:07  Hellion, Siege Tank  
  170  12:10  Hellion  
  170  12:12  Hellion  
  174  12:19  Viking x2  
  181  12:24  Viking x2  
  181  12:29  Missile Turret  
  182  12:30  Planetary Fortress  
  182  12:37  Armory  
  182  12:40  Viking  
  180  12:44  Hellion x2  
  180  12:45  Hellion x2  
  180  12:49  Missile Turret  
  180  12:50  Refinery  
  182  12:51  Refinery  
  182  12:52  Viking  
  182  12:53  Viking  
  182  12:57  Viking  
  188  13:01  Viking  
  188  13:02  Viking  
  190  13:11  Hellion x3  
  196  13:13  Hellion x2  
  196  13:15  Hellion  
  196  13:17  Terran Ship Weapons Level 1  
  196  13:23  Missile Turret  
  196  13:28  Viking x2, Command Center  
  196  13:32  Starport x2  
  200  13:38  Missile Turret  
  200  13:39  Missile Turret  
  200  13:42  Command Center  
  200  13:43  Command Center  
  200  13:50  Smart Servos  
  200  14:02  Viking x4  
  198  14:06  Terran Vehicle And Ship Armor Level 2  
  200  14:10  Starport Reactor  
  200  14:11  Starport Reactor  
  200  14:16  Supply Depot  
  199  14:23  Thor x2  
  196  14:26  Viking x2  
  181  14:31  Thor  
  181  14:32  Hellion x3  
  181  14:34  Viking x2, Refinery  
  181  14:36  Hellion  
  197  14:40  Viking, SCV  
  200  14:52  Terran Vehicle Weapons Level 3  
  200  15:01  Missile Turret  
  200  15:13  Terran Ship Weapons Level 2  
  200  15:20  Viking  
  200  15:21  Command Center  
  200  15:26  Viking x2  
  192  15:37  Viking  
  192  15:38  Viking  
  192  15:39  Thor  
  192  15:41  Hellion x2  
  192  15:42  Viking x2  
  168  15:43  Thor  
  168  15:47  Viking  
  174  15:53  Viking x2  
  174  15:54  Hellion  
  174  15:56  Viking  
  163  15:59  Hellion  
  163  16:03  Orbital Command  
  159  16:09  Viking x2  
  159  16:11  Hellion  
  165  16:20  Missile Turret  
  165  16:21  Viking x2, Missile Turret  
  169  16:28  Viking  
  171  16:33  Viking  
  171  16:36  Missile Turret  
  173  16:44  Missile Turret  
  173  16:45  Viking  
  173  16:46  Viking, Missile Turret  
  172  16:52  Viking x2  
  172  16:55  Hellion  
  172  16:59  Hellion  
  172  17:01  Viking x2  
  173  17:03  Viking  
  173  17:06  Viking  
  177  17:09  Viking  
  179  17:18  Viking x2  
  183  17:23  Drilling Claws  
  183  17:24  Widow Mine x3  
  183  17:26  Widow Mine  
  183  17:29  Viking  
  193  17:32  Viking  
  193  17:35  Viking  
  195  17:49  Viking x2  
  199  18:10  Terran Ship Weapons Level 3  
  199  18:11  Terran Vehicle And Ship Armor Level 3  
  199  18:17  Viking x2  
  199  18:18  Viking x2  
  195  18:22  Viking  
  195  18:25  Hellion x2  
  195  18:26  Hellion  
  199  18:29  Hellion  
  199  18:32  Refinery  
  199  18:34  Refinery  
  199  18:35  Planetary Fortress  
  199  19:28  Viking  
  199  19:37  Missile Turret x3, Sensor Tower  
  193  19:46  Missile Turret  
  193  19:47  Missile Turret  
  193  19:48  Missile Turret  
  193  19:49  Viking x2  
  193  19:50  Barracks  
  193  19:51  Missile Turret  
  193  19:52  Missile Turret  
  197  19:54  Widow Mine  
  195  20:00  Missile Turret  
  195  20:01  Viking x2  
  195  20:02  Missile Turret  
  195  20:10  Widow Mine x2  
  176  20:15  Thor x3  
  176  20:16  Hellion x2  
  189  20:22  Viking x2  
  189  20:23  Viking x2  
  197  20:29  Viking  
  197  20:31  Missile Turret  
  197  20:32  Sensor Tower  
  199  20:42  Viking x2  
  195  20:44  Hellion  
  195  20:47  Hellion  
  197  20:52  Hellion  
  197  21:18  SCV x2  
  197  21:19  SCV  
  197  21:22  Orbital Command  
  200  21:38  Factory  
  200  21:41  Factory  
  197  21:51  Thor x3  
  197  21:52  Hellion  
  197  21:54  Missile Turret  
  197  21:55  Missile Turret  
  197  21:56  Refinery  
  197  21:57  Refinery  
  197  22:00  Hellion, Viking x2  
  141  22:04  Hellion  
  141  22:08  Hellion  
  120  22:18  Viking  
  119  22:23  Viking  
  119  22:28  SCV x2  
  123  22:34  Siege Tank x2  
  128  22:39  Siege Tank  
  128  22:40  Hellion  
  103  23:01  Factory Tech Lab  
  103  23:04  SCV  
  98  23:06  Siege Tank x2  
  98  23:11  Siege Tank  
  98  23:12  SCV x2  
  101  23:27  Viking  
  100  23:34  SCV  
  100  23:35  SCV x2  
  103  23:47  SCV  

Tags
 
Add a new tag
Caveats
  • Supply blocks, unpowered buildings, or Contaminate may cause inaccurate times.
  • Supply counts are checked every 10 seconds.